 Dungeon Crawl Stone Soup version 0.29.0-13-gc9e81de378 (webtiles) character file.

Game seed: 11232001242644552582

261 freelancePsychic the Trooper (level 6, 0/47 HPs)
             Began as a Djinni Monk on Sept 7, 2022.
             Was a Priest of Nemelex Xobeh.
             Slain by an ufetubus (2 damage)
             ... on level 5 of the Dungeon.
             The game lasted 00:03:21 (3132 turns).

freelancePsychic the Trooper (Djinni Monk)          Turns: 3132, Time: 00:03:22

Health: 0/47       AC:  2    Str: 10    XL:     6   Next: 42%
Gold:   121        EV: 14    Int: 18    God:    Nemelex Xobeh [***...] SH:  0 Dex: 23

rFire   + + +      SeeInvis .   q - +4 long sword "Qenaesoc" {vorpal, rF+}
rCold   x . .      Faith    .   (no shield)
rNeg    . . .      Spirit   .   b - +0 robe
rPois   ∞          Reflect  .   (no helmet)
rElec   .          Harm     .   (no cloak)
rCorr   .          Rampage  .   (no gloves)
Will    .....                   (boots unavailable)
Stlth   ++........              (no amulet)
HPRegen 0.15/turn               m - +6 ring of intelligence
MPRegen 0.00/turn               p - +6 ring of dexterity

@: flying
A: sickness immunity, fire resistance 2, cold vulnerability 1, float, innate
caster, HP casting, extra vitality 1
a: Renounce Religion, Draw Escape, Draw Destruction, Draw Summoning, Triple Draw


You were on level 5 of the Dungeon.
You worshipped Nemelex Xobeh.
Nemelex Xobeh was most pleased with you.
You visited 1 branch of the dungeon, and saw 5 of its levels.

You collected 121 gold pieces.

Inventory:

Hand Weapons
 a - a +0 falchion
 g - a +4 short sword of draining
 q - the +4 long sword "Qenaesoc" (weapon) {vorpal, rF+}
   (You found it on level 4 of the Dungeon)

   It inflicts extra damage upon your enemies.
   rF:        It protects you from fire.
Missiles
 l - a throwing net (quivered)
Armour
 b - a +0 robe (worn)
Jewellery
 m - a +6 ring of intelligence (left hand)
 p - a +6 ring of dexterity (right hand)
Scrolls
 e - 4 scrolls of fear {unknown}
 f - 2 scrolls of identify {unknown}
 i - a scroll of teleportation {@r4}
 j - a scroll of summoning {unknown}
 k - a scroll of butterflies {unknown}
Potions
 c - 2 potions of ambrosia
 d - 3 potions of mutation {unknown}
 h - 2 potions of haste {unknown}
 n - a potion of magic {unknown}
 o - a potion of heal wounds {unknown}


   Skills:
 + Level 4.0 Fighting
 - Level 2.1(3.1) Short Blades
 * Level 3.3(3.7) Long Blades
 - Level 3.2 Dodging
 - Level 1.5 Stealth
 - Level 0.6 Spellcasting
 * Level 3.4 Invocations


You had 3 spell levels left.
You knew the following spells:

 Your Spells              Type           Power      Damage    Failure   Level
a - Slow                  Hex            8%         N/A       16%         1
b - Poisonous Vapours     Pois/Air       4%         N/A       24%         2
Your spell library was empty.

Dungeon Overview and Level Annotations

Branches:
Dungeon (5/15)
 Temple: D:4-7

Altars:
Nemelex Xobeh
Ru


Innate Abilities, Weirdness & Mutations

You are immune to sickness and miasma.
You are immune to poison.
Your flesh is very heat resistant. (rF++)
You are vulnerable to cold. (rC-)
You float through the air rather than walking.
You learn spells naturally, not from books.
Your magical power is your life essence.
You have superior vitality. (+4 MHP)


Message History

You hear a shout!
You draw a card...
You have drawn Vitriol.
Press: ? - help, Shift-Dir - straight line, f - iguana
Aim: an iguana (moderately wounded)
The glob of acid hits the iguana!!!
The acid corrodes the iguana!
You kill the iguana!
You hear some strange, mumbled words.
You are confused.
An ufetubus comes into view.
The ufetubus shouts!
A howler monkey comes into view.
The howler monkey howls!
You hear some strange, mumbled words.
A puff of flame appears from out of thin air!
The puff of flame hits you. You resist.
The howler monkey hoots and howls with incredible vigour!
You hear a shout!
Okay, then.
Something hits you. Something barely misses you.
You feel less confused.
A necrophage comes into view.
You draw a card...
You have drawn the Swarm.
The ufetubus barely misses you. The ufetubus hits you.
The orc hits you with a +0 hand axe. Something hits you.
The orc hits you with a +0 whip.
* * * LOW HITPOINT WARNING * * *
The howler monkey hits you.
* * * LOW HITPOINT WARNING * * *
You hit the orc but do no damage. The ufetubus completely misses you.
The ufetubus misses you.
Your killer bee completely misses the ufetubus.
Something hits you but does no damage. The orc hits you but does no damage.
The orc hits you with a +0 whip.
* * * LOW HITPOINT WARNING * * *
Your killer bee closely misses the ufetubus.
The howler monkey hits you.
* * * LOW HITPOINT WARNING * * *
The ufetubus hits you.
You die...
Your body glows slightly and disappears.

#### # ...# . ....
.###.###### )..
.....#.#..##.## #
..............#.#
#..............##
........y.o.......
........5@o..#..##
.##......h...#
#...n..........#
##.##.....#...##
... ###.###...# ..
#.# ....# ...
....# $.. .##


You could see a necrophage, a howler monkey, 2 orcs, an ufetubus (ally target)
and a friendly killer bee (summoned).

Vanquished Creatures
  A killer bee (D:4)
  A hound (D:4)
  A jelly (D:4)
  An iguana (D:5)
  An orc wizard (D:4)
  4 adders
  A gnoll (D:3)
  A river rat (D:3)
  A dart slug (D:1)
  2 orcs
  7 ball pythons
  5 bats
  4 endoplasms
  2 giant cockroaches
  3 hobgoblins
  A quokka (D:4)
  A frilled lizard (D:1)
  6 goblins
  6 kobolds
  5 rats
54 creatures vanquished.

Notes
Turn   | Place    | Note
-------+----------+-------------------------------------------
     0 | D:1      | freelancePsychic the Djinni Monk began the quest for the
                  | Orb.
     0 | D:1      | Reached XP level 1. HP: 20/20 MP: 0/0
   193 | D:1      | Found a faded altar of an unknown god.
   202 | D:1      | Prayed at the altar of an unknown god.
   202 | D:1      | Became a worshipper of Nemelex Xobeh the Trickster
   202 | D:1      | Reached * piety under Nemelex Xobeh
   202 | D:1      | Received a gift from Nemelex Xobeh
   202 | D:1      | Reached ** piety under Nemelex Xobeh
   202 | D:1      | Received a gift from Nemelex Xobeh
   320 | D:1      | Reached XP level 2. HP: 2/25 MP: 0/0
   745 | D:1      | Reached *** piety under Nemelex Xobeh
   802 | D:1      | Reached skill level 1 in Invocations
   993 | D:1      | Reached XP level 3. HP: 29/30 MP: 0/0
   993 | D:1      | Learned a level 1 spell: Slow
  1336 | D:2      | Received a gift from Nemelex Xobeh
  1541 | D:3      | Reached skill level 1 in Short Blades
  1726 | D:3      | Received a gift from Nemelex Xobeh
  1757 | D:3      | Reached XP level 4. HP: 16/35 MP: 0/0
  1961 | D:3      | Found Lait's Magic Scroll Shop.
  2302 | D:3      | Found a sacrificial altar of Ru.
  2442 | D:4      | Reached XP level 5. HP: 26/40 MP: 0/0
  2442 | D:4      | Learned a level 2 spell: Poisonous Vapours
  2757 | D:4      | Identified the +4 long sword "Qenaesoc" {vorpal, rF+}
  2803 | D:4      | Reached XP level 6. HP: 19/47 MP: 0/0
  3019 | D:4      | Reached skill level 4 in Fighting
  3119 | D:5      | Entered Level 5 of the Dungeon
  3132 | D:5      | HP: 2/47 [howler monkey (4)]
  3132 | D:5      | Slain by an ufetubus

Illustrated notes

Levels and vault maps discovered:
D:1:      lemuel_arrival_behind_the_door_large, layout_basic,
          hellmonk_ecumenical_altar_slurped_away
D:2:      layout_basic, minmay_circle_x
D:3:      layout_rooms, mainiacjoe_overflow_brackets, serial_shops,
          nicolae_diamond_shop
D:4:      layout_basic, uniq_menkaure
D:5:      nicolae_cairo_tiling_large, layout_cave_pools, portal_sewer_entry_e,
          minmay_misc_feat_pillars, uniq_edmund

Skill      XL: |  1  2  3  4  5  6 |
---------------+-------------------+-----
Invocations    | 1 2 3 |  3.4
Short Blades   | 1 2 |  2.1
Long Blades    | 3 |  3.3
Fighting       | 4 |  4.0
Dodging        | |  3.2
Stealth        | |  1.5
Spellcasting   | |  0.6

Action                   |  1- 3 |  4- 6 || total
-------------------------+-------+-------++-------
Melee: Falchion          |    21 |       ||    21
       Short sword       |    72 |    39 ||   111
       Long sword        |       |    20 ||    20
Invok: Draw Destruction  |     1 |     4 ||     5
       Draw Summoning    |       |     1 ||     1
  Use: Scroll            |     3 |       ||     3
 Stab: Sleeping          |     6 |     4 ||    10
Armor: Robe              |    21 |    11 ||    32
Dodge: Dodged            |    73 |    47 ||   120
